 Dungeon Crawl Stone Soup version 0.30-a0-883-g5ad918d77d (webtiles) character file.

Game seed: 18242713480732793378

3540 lunkers the Geomancer (level 10, 0/69 HPs)
             Began as a Meteoran Earth Elementalist on Mar 16, 2023.
             Was a Priest of Nemelex Xobeh.
             Slain by a wolf (6 damage)
             ... on level 1 of the Lair of Beasts.
             The game lasted 00:09:43 (2944 turns).

lunkers the Geomancer (Meteoran Earth Elementalist) Turns: 2944, Time: 00:09:43

Health: 0/69       AC:  2    Str: 10    XL:     10   Next: 54%
Magic:  0/24       EV: 13    Int: 21    God:    Nemelex Xobeh [***...]
Gold:   272        SH:  0    Dex: 21    Spells: 16/27 levels left

rFire   . . .      SeeInvis .    i - staff of earth
rCold   + . .      Faith    .    (no shield)
rNeg    . . .      Spirit   .    a - +0 robe
rPois   .          Reflect  .    (no helmet)
rElec   .          Rampage  .    (no cloak)
rCorr   .                        (no gloves)
Will    +....                    (no boots)
Stlth   +                        c - amulet of the acrobat
HPRegen 0.31/turn                e - +6 ring of dexterity
MPRegen 0.19/turn                p - ring of protection from cold

@: glowing
A: sense surroundings 2, otherworldly, glowing, explore regen
a: Renounce Religion, Draw Escape, Draw Destruction, Draw Summoning, Triple Draw


You were on level 1 of the Lair of Beasts.
You worshipped Nemelex Xobeh.
Nemelex Xobeh was most pleased with you.
You visited 2 branches of the dungeon, and saw 9 of its levels.

You collected 272 gold pieces.

Inventory:

Armour
 a - a +0 robe (worn)
Magical Staves
 i - a staff of earth (weapon)
Jewellery
 c - an amulet of the acrobat (around neck)
 e - a +6 ring of dexterity (left hand)
 l - a ring of see invisible
 p - a ring of protection from cold (right hand)
Scrolls
 d - 2 scrolls of teleportation
 f - a scroll of blinking
 g - a scroll of magic mapping
Potions
 b - 3 potions of magic
 h - 3 potions of curing
 j - a potion of berserk rage {unknown}
 k - a potion of heal wounds
 m - a potion of resistance {unknown}
 n - 2 potions of brilliance
 o - a potion of mutation {unknown}
 q - a potion of lignification {unknown}
 r - a potion of ambrosia {unknown}
 s - a potion of might {unknown}


   Skills:
 - Level 2.4 Dodging
 - Level 1.4 Stealth
 + Level 9.3 Spellcasting
 - Level 5.0 Conjurations
 - Level 1.2 Transmutations
 * Level 13.0 Earth Magic
 + Level 4.2 Invocations


You had 16 spell levels left.
You knew the following spells:

 Your Spells              Type           Power      Damage    Failure   Level
a - Stone Arrow           Conj/Erth      100%       3d13      1%          3
b - Passwall              Tmut/Erth      46%        N/A       1%          2
c - Sandblast             Erth           100%       2d20      1%          1
d - Lee's Rapid Deconstr  Erth           38%        3d19*     1%          5

Your spell library contained the following spells:

 Spells                   Type           Power      Damage    Failure   Level
 Foxfire                  Conj/Fire      80%        2x1d8     2%          1
 Petrify                  Tmut/Erth      56%        N/A       3%          4
 Leda's Liquefaction      Hex/Erth       27%        N/A       4%          4
 Gell's Gravitas          Tloc           9%         N/A       21%         3
 Teleport Other           Tloc           9%         N/A       21%         3
 Statue Form              Tmut/Erth      37%        N/A       50%         6
 Fireball                 Conj/Fire      10%        3d6       56%         5
 Starburst                Conj/Fire      10%        6d5       98%         6
 Dispersal                Tloc           4%         N/A       100%        6


Dungeon Overview and Level Annotations

Branches:
Dungeon (8/15) Zot: 1847   Temple (0/1) D:7            Lair (1/5) D:8 Zot: 529

Altars:
Nemelex Xobeh
Ru
Yredelemnul

Shops:
D:2 ?:


Innate Abilities, Weirdness & Mutations

You passively map the area around you.
You are easily found by Zot.
You glow in the dark.
You regain HP and MP as you explore.


Message History

Aim: a wolf (76% to hit)
You feel a surge of power!
The blast of sand hits the wolf!!
The wolf is almost dead.
* * * LOW MAGIC WARNING * * *
The wolf barely misses you. The wolf misses you.
Aiming: Sandblast (safe; 1% risk of failure)
Press: ? - help, Q - select action, (/) - cycle Shift-Dir - straight line, f/p - wolf
Aim: a wolf (76% to hit)
You feel a surge of power!
The blast of sand hits the wolf!!
You kill the wolf!
* * * LOW MAGIC WARNING * * *
The wolf closely misses you. The wolf bites you but does no damage.
Your Earth Magic skill increases to level 13!
Your Invocations skill increases to level 4!
Aiming: Sandblast (safe; 1% risk of failure)
Press: ? - help, Q - select action, (/) - cycle Shift-Dir - straight line, f/p - wolf
Aim: a wolf (76% to hit)
You feel a surge of power!
The blast of sand hits the wolf!
The wolf is heavily wounded.
* * * LOW MAGIC WARNING * * *
The wolf misses you. The wolf bites you but does no damage.
The wolf misses you.
Unknown command.
Aiming: Sandblast (safe; 1% risk of failure)
Press: ? - help, Q - select action, (/) - cycle Shift-Dir - straight line, f/p - wolf
Aim: a wolf (76% to hit)
You feel a surge of power!
The blast of sand hits the wolf!!
You kill the wolf!
* * * LOW MAGIC WARNING * * *
The wolf misses you. The wolf bites you!
* * * LOW HITPOINT WARNING * * *
Aiming: Sandblast (safe; 1% risk of failure)
Press: ? - help, Q - select action, (/) - cycle Shift-Dir - straight line, f/p - wolf
Aim: a wolf (76% to hit)
You feel a surge of power!
The blast of sand hits the wolf!!
You kill the wolf!
* * * LOW MAGIC WARNING * * *
The wolf bites you.
You die...
Your body disappears without additional glow.

, * ,##h.8** ..>...
8 > , , ** #....,*
.....# ,.. ** ,
#...####...#* #..#
*
#....##..8.###...#*
* * #.$.#.....#....
* *#............#
,****
####.†.......# , ,
##.##hh......# *
#...@##.....## , ,
+.##.....8†#+ ,,, *
##..#.#.# , *,,, *
#.###+..# * , *, ,
* ## #..P# , * , ,
#.### *+ , *
##'#### , #<....# *
* ** #.....#


You could see 2 wolves.

Vanquished Creatures
  A fire crab (D:8)
  A black mamba (Lair:1)
  A cane toad (Lair:1)
  3 blink frogs (Lair:1)
  A water moccasin (Lair:1)
  3 ice beasts
  A sky beast (D:7)
  A black bear (Lair:1)
  A centaur (D:7)
  7 wolves (Lair:1)
  Blork the orc (D:5)
  A kobold brigand (D:7)
  2 scorpions
  2 hounds
  A jelly (D:7)
  2 orc priests (D:7)
  A sleepcap (D:6)
  An iguana (D:4)
  An orc wizard (D:4)
  4 gnolls (D:5)
  8 adders
  An ufetubus (D:7)
  4 dart slugs
  12 orcs
  10 endoplasms
  3 giant cockroaches
  4 goblins
  2 hobgoblins (D:1)
  12 jackals
  10 kobolds
  4 quokkas
  4 ball pythons
  7 bats
  2 frilled lizards
  7 rats
126 creatures vanquished.

Vanquished Creatures (others)
  A fungus (Lair:1)
  A plant (Lair:1)
2 creatures vanquished.

Grand Total: 128 creatures vanquished

Notes
Turn   | Place    | Note
-------+----------+-------------------------------------------
     0 | D:1      | lunkers the Meteoran Earth Elementalist began the quest for
                  | the Orb.
     0 | D:1      | Reached XP level 1. HP: 14/14 MP: 5/5
    17 | D:1      | Found a faded altar of an unknown god.
    24 | D:1      | Reached skill level 4 in Earth Magic
    24 | D:1      | Reached XP level 2. HP: 11/20 MP: 1/6
    30 | D:1      | Prayed at the altar of an unknown god.
    30 | D:1      | Became a worshipper of Nemelex Xobeh the Trickster
    30 | D:1      | Reached * piety under Nemelex Xobeh
    45 | D:1      | Received a gift from Nemelex Xobeh
   114 | D:1      | Reached XP level 3. HP: 26/26 MP: 5/8
   256 | D:1      | Learned a level 2 spell: Passwall
   260 | D:1      | Learned a level 3 spell: Stone Arrow
   343 | D:2      | Reached skill level 5 in Earth Magic
   343 | D:2      | Reached XP level 4. HP: 33/33 MP: 7/10
   365 | D:2      | Found Hyotoyci's Book Shop.
   524 | D:2      | Found Utwim's Magic Scroll Emporium.
   529 | D:2      | Received a gift from Nemelex Xobeh
   721 | D:3      | Noticed an ice beast
   725 | D:3      | Killed an ice beast
   726 | D:3      | Reached XP level 5. HP: 30/38 MP: 6/12
   726 | D:3      | Reached XP level 6. HP: 35/45 MP: 6/13
   834 | D:3      | Reached ** piety under Nemelex Xobeh
  1262 | D:4      | Reached skill level 6 in Earth Magic
  1556 | D:4      | Reached XP level 7. HP: 47/50 MP: 9/14
  1632 | D:4      | Found a sacrificial altar of Ru.
  1873 | D:5      | Entered Level 5 of the Dungeon
  1878 | D:5      | Noticed Blork the orc
  1886 | D:5      | Killed Blork the orc
  1887 | D:5      | Reached skill level 5 in Spellcasting
  1887 | D:5      | Reached skill level 7 in Earth Magic
  1917 | D:5      | Found a basalt altar of Yredelemnul.
  1944 | D:5      | Reached *** piety under Nemelex Xobeh
  2008 | D:5      | Learned a level 5 spell: Lee's Rapid Deconstruction
  2082 | D:5      | Reached skill level 5 in Conjurations
  2082 | D:5      | Reached XP level 8. HP: 57/57 MP: 12/16
  2140 | D:5      | Reached skill level 8 in Earth Magic
  2569 | D:7      | Found a staircase to the Ecumenical Temple.
  2572 | D:7      | Received a gift from Nemelex Xobeh
  2631 | D:7      | Reached skill level 9 in Earth Magic
  2865 | D:8      | Found a staircase to the Lair.
  2865 | D:8      | Noticed a fire crab
  2872 | D:8      | Killed a fire crab
  2873 | D:8      | Reached skill level 10 in Earth Magic
  2873 | D:8      | Gained mutation: You passively map the area around you.
                  | [Meteoran growth]
  2873 | D:8      | Reached XP level 9. HP: 62/62 MP: 9/21
  2884 | Lair:1   | Entered Level 1 of the Lair of Beasts
  2884 | Lair:1   | Noticed a blink frog
  2884 | Lair:1   | Noticed a blink frog
  2885 | Lair:1   | Noticed a blink frog
  2888 | Lair:1   | Reached skill level 11 in Earth Magic
  2888 | Lair:1   | Killed a blink frog
  2892 | Lair:1   | Killed a blink frog
  2896 | Lair:1   | Killed a blink frog
  2897 | Lair:1   | Reached XP level 10. HP: 69/69 MP: 3/23
  2904 | Lair:1   | Received a gift from Nemelex Xobeh
  2905 | Lair:1   | Noticed a cane toad
  2908 | Lair:1   | Killed a cane toad
  2909 | Lair:1   | Reached skill level 12 in Earth Magic
  2909 | Lair:1   | Reached skill level 1 in Invocations
  2914 | Lair:1   | Noticed a black mamba
  2919 | Lair:1   | Killed a black mamba
  2936 | Lair:1   | HP: 2/69 [wolf (6)]
  2942 | Lair:1   | Reached skill level 13 in Earth Magic
  2944 | Lair:1   | Slain by a wolf

Illustrated notes

Levels and vault maps discovered:
D:1:      doesnt_arrival_eight_statues, layout_rooms,
          dreamdust_ecumenical_altar_statues, roderic_serpentine_path
D:2:      layout_basic, serial_shops, nicolae_square_shop, shop
D:3:      layout_loops_corners, nicolae_hepliaklqana_monster_ancestors
D:4:      layout_loops_ring, nicolae_ru_great_annihilating_truth
D:5:      layout_rooms, mainiacjoe_overflow_paths, kennysheep_mini,
          uniq_blork_the_orc
D:6:      layout_cave_pods, minivault_4, uniq_duvessa
D:7:      layout_basic, minmay_temple_entry_slanted, serial_shops, shop
D:8:      layout_loops_corners, minmay_lair_entry_lava
Lair:1:   layout_roguey, grunt_megastairs_5

Skill      XL: |  1  2  3  4  5  6  7  8  9 10 |
---------------+-------------------------------+-----
Earth Magic    | 4 5 6 7 10 11 13 | 13.0
Spellcasting   | 3 4 5 7 8 9 |  9.3
Conjurations   | 2 3 5 |  5.0
Invocations    | 4 |  4.2
Dodging        | |  2.4
Stealth        | |  1.4
Transmutations | |  1.2

Action                     |  1- 3 |  4- 6 |  7- 9 | 10-12 || total
---------------------------+-------+-------+-------+-------++-------
   Cast: Sandblast         |    33 |    47 |    70 |    15 ||   165
         Stone Arrow       |       |       |    13 |     6 ||    19
    Use: Scroll            |       |       |     9 |       ||     9
         Potion            |       |       |       |     2 ||     2
 Armour: Robe              |       |     3 |     5 |     4 ||    12
  Dodge: Dodged            |     1 |     5 |    14 |    12 ||    32

Table legend: (Time is in decaauts)
 A = Elapsed time spent in this place.
 B = Non-inter-level travel time spent in this place.
 C = Inter-level travel time spent in this place.
 D = Time resting spent in this place.
 E = Time spent auto-exploring this place.
 F = Levels seen in this place.
 G = Mean time per level.
                   A        B        C        D        E       F      G
               +--------+--------+--------+--------+--------+-----+--------+
         Total |   3021 |   2897 |    124 |      0 |   2254 |   9 |  335.7 |
       Dungeon |   2952 |   2828 |    124 |      0 |   2247 |   8 |  369.0 |
          Lair |     68 |     68 |      0 |      0 |      7 |   1 |   68.0 |
               +--------+--------+--------+--------+--------+-----+--------+

Top non-repeatable levels by time:
     D:4: 648 daAuts
     D:3: 590 daAuts
     D:7: 475 daAuts
     D:5: 390 daAuts
     D:2: 372 daAuts
     D:1: 307 daAuts
     D:6: 138 daAuts
  Lair:1: 68 daAuts
     D:8: 28 daAuts
